[Event "*** Titled Tuesday Blitz"]
[Site "Chess.com"]
[Date "2021.03.16"]
[Round "10"]
[White "enriquebutti"]
[Black "eCztery"]
[Result "0-1"]
[WhiteElo "2226"]
[BlackElo "2417"]
[TimeControl "180+1"]
[EndTime "11:55:40 PDT"]
[Termination "eCztery won by resignation"]

1. d4 Nf6 2. Nf3 e6 3. e3 d5 4.
Bd3 c5 5. O-O Nc6 6. b3 Bd6 7. Bb2 O-O 8. Nbd2 b6 9. a3 Bb7 10.
Ne5 Bxe5 11. dxe5 Nd7 12. f4 f5 13. exf6 Nxf6 14. g4 d4 15. g5 Nd5 16. Qh5 g6 17.
Bxg6 Qe7 18. Be4 dxe3 19. Nc4 Rxf4 20. Bd3 Raf8 21. g6 Nd4 22. gxh7+ Kh8 23. Qe5+ Qg7+ 24.
Qxg7+ Kxg7 25. Bxd4+ cxd4 26. Nd6 Bc6 27. Ne4 Kxh7 28.
Ng3+ Kh6 29. Rxf4 Nxf4 30. Bf1 e2 31. Nxe2 Nxe2+ 32. Bxe2 Be4 33. Bd3 Bxd3 34. cxd3 Rc8 35. Re1 Rc3 36. Rxe6+ Kg5 37. Re7 a5 38. b4 Rxa3 39.
bxa5 bxa5 40. Rd7 Rxd3 41. Rd5+ Kf4 42. Rxa5 Kf3 43. Rf5+ Ke4 44. Rf8 Ra3 45. h4 d3 46.
Re8+ Kf3 47. h5 d2 48. Rf8+ Kg3 49. Rg8+ Kh3 50. Rd8 Ra1+ 51. Kf2 d1=Q 52. Rxd1 Rxd1 53. Ke2 Rd6 0-1

[Event "*** Titled Tuesday Blitz"]
[Site "Chess.com"]
[Date "2021.03.16"]
[Round "10"]
[White "KuzubovYuriy"]
[Black "Abund"]
[Result "1-0"]
[WhiteElo "2866"]
[BlackElo "2711"]
[TimeControl "180+1"]
[EndTime "11:55:44 PDT"]
[Termination "KuzubovYuriy won on time"]

1. d4 Nf6 2. Nf3 g6 3. Nbd2 d5 4. b4 Bg7 5. Bb2 O-O 6. e3 a5 7.
b5 Nbd7 8. c4 dxc4 9. Bxc4 Nb6 10. Bd3 a4 11. Ba3 Re8 12. Qc2 Bd7 13. Ne5 Be6 14. O-O Nfd7 15. Nef3 Rc8 16. Ng5 Nf8 17. Nxe6 Nxe6 18. Be4 c6 19. bxc6 bxc6 20. Rab1 Nd5 21. Rfc1 Qa5 22. Nf3 h6 23. h3 Qa6 24. Qc4 Qa5 25.
Bxd5 cxd5 26. Qxc8 Rxc8 27. Rxc8+ Kh7 28. Bxe7 Qa6 29.
Rcb8 Qe2 30. R8b2 Qa6 31. a3 g5 32. Rb7 Qd3 33. Rc1 Kg6 34. Bb4 h5 35. Rc6 Bf6 36. Be7 g4 37. hxg4 hxg4 38. Nh4+ Bxh4 39. Bxh4 Qxa3 40.
Ra6 Qa1+ 41. Kh2 a3 42. Rba7 Qb2 43. Rxa3 Qc2 44. R3a6 Qf5 45. Bg3 Qh5+ 46. Kg1 Qf5 47. Ra1 Qc2 48. Rb7 Ng5 49. Ra6+ Kg7 50. Be5+ Kg8 51.
Rh6 f6 52. Bxf6 Qd1+ 53. Kh2 Nf7 54. Rb8+ Nd8 55. Rxd8+ Kf7 56. Be5 g3+ 57. Bxg3 Qg4 58. Rdd6 Ke7 59. Rde6+ Kd7 60. Reg6 Qf5 61. Rg7+ Qf7 62.
Rxf7+ 1-0

[Event "*** Titled Tuesday Blitz"]
[Site "Chess.com"]
[Date "2021.03.16"]
[Round "10"]
[White "XDPS"]
[Black "Volodar_Murzin"]
[Result "1-0"]
[WhiteElo "2810"]
[BlackElo "2679"]
[TimeControl "180+1"]
[EndTime "11:55:45 PDT"]
[Termination "XDPS won on time"]

1. e4 c5 2. Nf3 d6 3. d4 cxd4 4. Nxd4 Nf6 5. Nc3 a6 6. Be2 e5 7. Nf3 Be7 8. Bg5 Nbd7 9. O-O O-O 10. Nd2 b5 11. a4 b4 12. Bxf6 bxc3 13. Bxe7 Qxe7 14.
bxc3 Nc5 15. f3 Be6 16. Nc4 Rfd8 17. Nb6 Rab8 18. a5 Qc7 19. Kh1 Nb7 20. Nd5 Bxd5 21. Qxd5 Nc5 22. Bc4 Rd7 23. Rfd1 h6 24. h3 Kh7 25.
Bf1 Rb2 26. Rd2 Rb8 27. f4 exf4 28. Qf5+ Kh8 29. Qxf4 Re8 30. Bd3 Re5 31. Qf3 Rde7 32. Re2 Ne6 33. Bxa6 Rxa5 34. Rxa5 Qxa5 35. Bc4 Ng5 36.
Qd3 Qe5 37. Bd5 Nh7 38. Rf2 g6 39. Qd4 Kg7 40. Qxe5+ dxe5 41. c4 Nf6 42. c5 Ne8 43. c6 Nc7 44. c4 f6 45. g4 Re8 46. Rb2 Re7 47. Rb8 h5 48. Rg8+ Kh6 49. gxh5 Kxh5 50. Kg2 f5 51. Kg3 Kh6 52. h4 Kh7 53. Rd8 Kg7 54. Rd7 f4+ 55. Kf3 Kf6 56. c5 Rxd7 57.
cxd7 Ke7 58. c6 Nb5 59. Kg4 Nd4 60. Kh3 Ne2 61. Be6 Kd8 62. Bf7 f3 63. Bc4 1-0

[Event "*** Titled Tuesday Blitz"]
[Site "Chess.com"]
[Date "2021.03.16"]
[Round "10"]
[White "Aslanov_Umid"]
[Black "NiranjanNavalgund"]
[Result "1/2-1/2"]
[WhiteElo "2427"]
[BlackElo "2528"]
[TimeControl "180+1"]
[EndTime "11:55:47 PDT"]
[Termination "Game drawn by repetition"]

1. e4 e5 2. Nf3 Nc6 3. Bc4 Nf6 4. d3 h6 5. O-O d6 6. c3 g5 7. Nbd2 Bg7 8. b4 a6 9. a4 Ne7 10. d4 Ng6 11. dxe5 Nxe5 12. Nxe5 dxe5 13. Qe2 Qe7 14. Ba3 Bg4 15. Nf3 Nh5 16. g3 Qf6 17. Kg2 Bf8 18.
Rad1 Rg8 19. Rd5 Bd6 20. Rfd1 O-O-O 21. Qe3 Nf4+ 22. gxf4 gxf4 23. Qa7 Bh3+ 24. Kh1 Bg2+ 25.
Kg1 Bxf3+ 26. Kf1 Bxd1 27. Rxd1 f3 28. Qa8+ Kd7 29. Qxb7 Qg6 30. Ke1 Qg1+ 31. Kd2 Qxf2+ 32. Kc1 Qe3+ 33. Kb2 Rg2+ 34. Kb3 Ke7 35. Rxd6 Rxd6 36. b5 Qb6 37. Qd5 Rg7 38. Qxe5+ Kf8 39. Bxd6+ Qxd6 40. Qxd6+ cxd6 41. bxa6 f6 42. Kb4 f2 43. Ka5 Rc7 44. Bf1 Rxc3 45. Kb6 Rc1 46. a7 Rxf1 47. a8=Q+ Kg7 48. Qb7+ Kg6 49. Qc8 Rb1+ 50. Ka5 f1=Q 51. Qg4+ Kh7 52. Qd7+ Kg6 53. Qg4+ Kf7 54. Qd7+ Kf8 55.
Qd8+ Kf7 56. Qd7+ Kg8 57. Qd8+ Kg7 58. Qd7+ Kh8 59. Qd8+ Kh7 60. Qd7+ Kg6 61. Qg4+ 1/2-1/2

[Event "*** Titled Tuesday Blitz"]
[Site "Chess.com"]
[Date "2021.03.16"]
[Round "10"]
[White "organdzievhren"]
[Black "pavelalexandru07"]
[Result "1-0"]
[WhiteElo "2428"]
[BlackElo "2294"]
[TimeControl "180+1"]
[EndTime "11:55:52 PDT"]
[Termination "organdzievhren won by resignation"]

1. e4 c5 2. Nf3 d6 3. Bb5+ Bd7 4. Bxd7+ Nxd7 5. O-O Ngf6 6. Re1 e6 7. h3 Be7 8. d3 O-O 9. a4 Re8 10. Na3 Rc8 11.
c3 a6 12. Bf4 Nf8 13. Bh2 Ng6 14. Qd2 Bf8 15. Rad1 Qd7 16. b3 Qc6 17. Nc4 b5 18. axb5 axb5 19. Na5 Qc7 20. b4 e5 21. Rc1 Qb6 22. Qa2 Ra8 23. Ng5 Ra7 24. Qb3 h6 25. Nf3 Nh5 26. Qd1 Nhf4 27. Bxf4 Nxf4 28. Kh2 cxb4 29.
cxb4 Qxf2 30. Rc2 Qb6 31. Qd2 Rc7 32. Rec1 Rec8 33. g3 Ne6 34. Kg2 Rxc2 35. Rxc2 Rxc2 36. Qxc2 Nd4 37. Nxd4 Qxd4 38. Nc6 Qb6 39. h4 Qe3 40.
Na5 g6 41. Nb3 Qb6 42. Qc8 Kg7 43. h5 gxh5 44. Qc2 Qe3 45. Nd2 Be7 46. Nf3 Bf6 47.
Qd1 Qb6 48. Ng1 Qd4 49. Qxh5 Qxb4 50. Qg4+ Kf8 51. Nf3 Qb2+ 52. Kh3 Qc3 53. Qf5 Be7 54. Qh7 Ke8 55. Qf5 Qxd3 56. Qc8+ Bd8 57. Qc6+ Kf8 58. Qd7 Be7 59. Qc8+ Kg7 60. Qg4+ Kh8 61. Qf5 Qe2 62.
Qxf7 Qxe4 63. Qe8+ Kg7 64. Qxe7+ Kg6 65. Nh4+ Kh5 66. Qf7+ Kg5 67. Qg7+ Kh5 68. g4+ 1-0

[Event "*** Titled Tuesday Blitz"]
[Site "Chess.com"]
[Date "2021.03.16"]
[Round "10"]
[White "IngOscarArdila"]
[Black "Forantes"]
[Result "0-1"]
[WhiteElo "2284"]
[BlackElo "2421"]
[TimeControl "180+1"]
[EndTime "11:55:54 PDT"]
[Termination "Forantes won on time"]

1. d4 Nf6 2. c4 g6 3. Nc3 d5 4.
cxd5 Nxd5 5. e4 Nxc3 6. bxc3 Bg7 7. Bc4 c5 8. Ne2 O-O 9. O-O Nc6 10. Be3 cxd4 11. cxd4 Qa5 12. Rc1 Rd8 13. Qb3 e6 14. d5 exd5 15. Bxd5 Ne5 16. Bg5 Rd7 17. f4 Ng4 18. h3 Nf6 19. Bxf6 Bxf6 20. Rfd1 Kg7 21. e5 Bd8 22. Kh1 Re7 23. Nd4 Bb6 24. Nb5 Be6 25. Nd6 Bxd5 26. Rxd5 Qa6 27. Rb5 Rd8 28. a4 Bc7 29.
Rxc7 Rxc7 30. Kh2 Qc6 31. Qb2 Qc3 32. Qxc3 Rxc3 33. Rxb7 Rxd6 34. exd6 Rd3 35. d7 a5 36. Ra7 Kf6 37. Rxa5 Rxd7 38. g4 Rd3 39. Kg2 Ra3 40.
Ra6+ Ke7 41. f5 gxf5 42. gxf5 h5 43. f6+ Kd7 44. Ra7+ Ke6 45. Ra6+ Kf5 46. Ra5+ Kg6 47. Ra6 h4 48. Kh2 Ra2+ 49. Kh1 Kg5 50. Kg1 Ra3 51.
Kh2 Kf4 52. Ra7 Ra2+ 53. Kg1 Kg3 54. Kf1 Rf2+ 55. Ke1 Rxf6 56. a5 Kxh3 57. a6 Kg2 58. Rd7 Rxa6 59. Rxf7 Rg6 60. Rh7 h3 61. Ke2 h2 62.
Rf7 h1=Q 63. Rf2+ Kg3 0-1

[Event "*** Titled Tuesday Blitz"]
[Site "Chess.com"]
[Date "2021.03.16"]
[Round "10"]
[White "jfriedel"]
[Black "iturrizaga"]
[Result "1-0"]
[WhiteElo "2713"]
[BlackElo "2844"]
[TimeControl "180+1"]
[EndTime "11:55:59 PDT"]
[Termination "jfriedel won on time"]

1. d4 Nf6 2. c4 e6 3. Nc3 Bb4 4. Nf3 O-O 5. Bg5 c5 6. Rc1 h6 7. Bh4 cxd4 8. Nxd4 Nc6 9. e3 Ne5 10. Be2 Ng6 11. Bg3 d5 12. O-O dxc4 13. Ndb5 e5 14. Qxd8 Rxd8 15. Bxc4 a6 16. Nc7 Rb8 17. N7d5 Nxd5 18.
Nxd5 Bd6 19. Nb6 Bf5 20. Rfd1 Ne7 21. Be2 f6 22. a3 Be6 23. b4 Kf7 24. h4 Nf5 25. Nc4 Be7 26. Bh2 Nxh4 27. f4 exf4 28. Bxf4 Rbc8 29. Nb6 Rxc1 30. Rxc1 g5 31. Bh2 Nf5 32.
Rc7 Nxe3 33. Rxb7 Rd2 34. Bf3 Bg4 35. Bc6 Be6 36. Bg3 Ng4 37. Kf1 Rc2 38. Bd6 Ne3+ 39. Kg1 Rxc6 40. Rxe7+ Kg6 41. Rxe6 Rxb6 42. Rxe3 Rxd6 43.
Rb3 Rd2 44. a4 h5 45. b5 axb5 46. axb5 Rd7 47. b6 Rb7 48. Kf2 Kf5 49. Ke3 Kg4 50. Ke4 f5+ 51. Kd5 f4 52. Kc6 Rb8 53. Kc7 Rh8 54.
b7 Kh4 55. b8=Q Rxb8 56. Kxb8 g4 57. Kc7 f3 58. gxf3 g3 59. f4 Kg4 60. f5 h4 61.
f6 g2 62. Rb1 h3 63. f7 h2 64.
f8=Q h1=Q 65. Qg7+ Kf5 66. Qf7+ Ke5 67. Qe7+ Kf5 68.
Rb5+ Kf4 69. Qg5+ 1-0

[Event "*** Titled Tuesday Blitz"]
[Site "Chess.com"]
[Date "2021.03.16"]
[Round "10"]
[White "Srisshhhtea"]
[Black "jraosam"]
[Result "0-1"]
[WhiteElo "2275"]
[BlackElo "1918"]
[TimeControl "180+1"]
[EndTime "11:56:18 PDT"]
[Termination "jraosam won by checkmate"]

1. a4 e5 2. b3 d5 3. Bb2 d4 4. g3 Qd5 5. f3 c5 6. Bg2 Nc6 7. Nh3 Nf6 8. Nf2 Be7 9. O-O O-O 10.
Na3 Be6 11. Nc4 Qd7 12. e4 Qc7 13. d3 a6 14. f4 exf4 15. Nh1 fxg3 16. Nxg3 b5 17.
Nd2 Ng4 18. Rf3 Nce5 19. Ndf1 Nxf3+ 20. Bxf3 Ne5 21. Bg2 Bf6 22. Nh5 Be7 23. Qe1 Bg4 24. Nf4 Nf3+ 25. Bxf3 Qxf4 26. Bg2 Bd6 27. e5 Rae8 28.
exd6 Rxe1 29. Rxe1 Qxd6 30. axb5 axb5 31. Ng3 g6 32.
Ne4 Qe5 33. Rf1 f5 34. Ng3 Qe3+ 35. Kh1 Re8 36. Bc1 Qe1 37. Bh6 Qc3 38. Bd5+ Kh8 39. Bg5 Kg7 40. Kg2 Qxc2+ 41. Rf2 Qxd3 42. h3 h6 43. Bc1 Re1 44. Bd2 Rd1 45. Bf4 Bxh3+ 46.
Kxh3 Re1 47. Kg2 g5 48. Bd6 f4 49. Nh5+ Kg6 50. Bf3 Re3 51. Bg4 Rg3+ 52. Nxg3 Qxg3+ 53. Kf1 Qxg4 54. Bxc5 Qd1+ 55. Kg2 Qxb3 56. Bxd4 Qd5+ 57.
Kh3 Qxd4 58. Rf3 Qe3 59. Rxe3 fxe3 60. Kg4 e2 61. Kg3 e1=Q+ 62. Kh3 b4 63. Kg4 b3 64.
Kf3 b2 65. Kg4 b1=Q 66. Kh3 Qd3+ 67. Kg2 Qeg3+ 68. Kh1 Qf1# 0-1

[Event "*** Titled Tuesday Blitz"]
[Site "Chess.com"]
[Date "2021.03.16"]
[Round "10"]
[White "CSB7"]
[Black "ChessQueen"]
[Result "1/2-1/2"]
[WhiteElo "2623"]
[BlackElo "2716"]
[TimeControl "180+1"]
[EndTime "11:56:25 PDT"]
[Termination "Game drawn by stalemate"]

1. e4 c6 2. Nc3 d5 3. Nf3 dxe4 4. Nxe4 Nf6 5. Qe2 Nxe4 6. Qxe4 Nd7 7. Bc4 Nf6 8. Ne5 e6 9. Qe2 b5 10. Bd3 Qc7 11.
b3 Bb7 12. Bb2 a6 13. O-O-O Bd6 14. f4 Nd5 15. Rhf1 Nb4 16. Be4 Nxa2+ 17. Kb1 Nb4 18. Qg4 f5 19. Qh5+ g6 20. Nxg6 Qf7 21. Bxf5 hxg6 22.
Qxh8+ Kd7 23. Bxe6+ Qxe6 24. Qg7+ Qe7 25. Qxg6 Kc7 26. Rfe1 Qd7 27. Be5 Bxe5 28. fxe5 Qe7 29. e6 Re8 30. Qf7 Nd5 31. g4 Kd6 32. g5 Rf8 33.
Qxe7+ Kxe7 34. h4 Nf4 35. Rf1 c5 36. Rde1 Bd5 37. Rf2 Bxe6 38. Re4 Ng6 39. Rxf8 Nxf8 40. h5 Kf7 41. g6+ Kg7 42. Re5 c4 43. bxc4 bxc4 44.
Kb2 Bg4 45. Ra5 Nd7 46. Rxa6 Bxh5 47. Ra7 Bg4 48. Kc3 Kxg6 49. Kxc4 Kf6 50. d4 Ke6 51.
Ra6+ Ke7 52. Rh6 Be2+ 53. Kc3 Nf6 54. Kd2 Bc4 55. Rh1 Kd6 56. Ra1 Ne4+ 57. Ke3 Nc3 58. Ra5 Nd5+ 59. Kd2 Bf1 60. c3 Nb6 61. Ra1 Nc4+ 62.
Kc2 Be2 63. Ra6+ Kd5 64. Ra7 Nd6 65. Rg7 Bb5 66. Kd2 Ne4+ 67. Kc2 Nd6 68. Kb2 Kc6 69. Kb3 Bc4+ 70. Kb4 Bd5 71. Rg6 Be4 72. Rh6 Bd3 73. c4 Bxc4 74. Rxd6+ Kxd6 75. Kxc4 Kc6 76. d5+ Kd6 77. Kd4 Kd7 78. Ke5 Ke7 79. d6+ Kd7 80. Kd5 Kd8 81. Ke6 Ke8 82. d7+ Kd8 83. Kd6 1/2-1/2

[Event "*** Titled Tuesday Blitz"]
[Site "Chess.com"]
[Date "2021.03.16"]
[Round "10"]
[White "Sychev_Klementy"]
[Black "Bodnar_Mykola"]
[Result "1/2-1/2"]
[WhiteElo "2868"]
[BlackElo "2523"]
[TimeControl "180+1"]
[EndTime "11:56:28 PDT"]
[Termination "Game drawn by repetition"]

1. c4 Nf6 2. Nc3 g6 3. g3 Bg7 4.
Bg2 O-O 5. Nf3 d6 6. O-O Nc6 7. d3 e5 8. Rb1 h6 9. b4 Nh5 10.
b5 Ne7 11. a4 f5 12. Ba3 f4 13. c5 Nf6 14. cxd6 cxd6 15. Nd2 Be6 16. Bxb7 Rb8 17. Bg2 Qd7 18. Nc4 Nf5 19. Ne4 Nxe4 20. dxe4 Bxc4 21.
exf5 Qxf5 22. Bxd6 Rbd8 23. Qc1 Bxe2 24. Bxf8 Bxf1 25.
Qxf1 Rxf8 26. Qc4+ Kh8 27. Be4 Qf6 28. a5 fxg3 29.
fxg3 Qf2+ 30. Kh1 Qd2 31. b6 Rf2 32. Kg1 Qe3 33. Qd3 Qc5 34. Kh1 axb6 35. axb6 Rb2 36.
Rxb2 Qc1+ 37. Kg2 Qxb2+ 38. Kh3 Qxb6 39. Bxg6 Qe6+ 40. Bf5 Qf6 41. Qe4 Bf8 42. Kg2 Kg7 43. h4 h5 44. Kh3 Be7 45. Qf3 Kh6 46. Qd3 Kg7 47. Qd7 Kh6 48. Be4 Kg7 49. Qc8 Bf8 50.
Qe8 Kh6 51. Qc8 Kg7 52. Qd7+ Be7 53. Kg2 Kf8 54. Qd1 Qf7 55. Bd5 Qg6 56. Bf3 Kg7 57.
Bxh5 Qc6+ 58. Kh2 Bf6 59. Qg4+ Kf8 60. Qg6 Qe6 61. Bg4 Qd6 62. Kh3 e4 63. Qxe4 Be5 64.
Qf3+ Kg7 65. Bf5 Kg8 66. Qg4+ Kf8 67. Qf3 Kg8 68. g4 Qd4 69. g5 Kg7 70. h5 Qf4 71.
h6+ Kf7 72. Qd5+ Ke7 73. Qd7+ Kf8 74. Qc8+ Ke7 75. Qe6+ Kf8 76. Qc8+ Ke7 77. Qd7+ Kf8 78. Qc8+ 1/2-1/2

[Event "*** Titled Tuesday Blitz"]
[Site "Chess.com"]
[Date "2021.03.16"]
[Round "10"]
[White "tylityli"]
[Black "AwareIdea"]
[Result "1/2-1/2"]
[WhiteElo "2295"]
[BlackElo "2410"]
[TimeControl "180+1"]
[EndTime "11:57:23 PDT"]
[Termination "Game drawn by repetition"]

1. d4 Nf6 2. c4 g6 3. Nc3 d5 4. cxd5 Nxd5 5. Bd2 Bg7 6. e4 Nxc3 7. Bxc3 O-O 8. Be2 c5 9. d5 Qb6 10. Nf3 Bxc3+ 11. bxc3 Qb2 12. Qc1 Qxc1+ 13. Rxc1 Bg4 14. Ne5 Nd7 15. Nxd7 Bxd7 16. e5 b6 17. O-O Rad8 18. c4 Ba4 19. Bd1 Bd7 20. f4 e6 21. d6 Bc6 22. Bf3 Rc8 23. Bxc6 Rxc6 24. Rfd1 Rb8 25. a4 Kf8 26. Kf2 Ke8 27. Ke3 Kd7 28. g4 Rcc8 29. Ke4 Rg8 30. Rg1 Rbf8 31. a5 Kc6 32. axb6 axb6 33.
Ra1 Ra8 34. Rgb1 Rgf8 35. h4 h6 36. f5 gxf5+ 37. gxf5 Rg8 38. Rxa8 Rxa8 39. fxe6 fxe6 40. Rg1 Ra4 41. Kd3 Ra3+ 42. Ke4 Rc3 43. Rg6 Rxc4+ 44.
Ke3 Rd4 45. Rxe6 Rxh4 46. Re7 Rd4 47. Rh7 b5 48. Rxh6 b4 49. Rh7 b3 50. Rc7+ Kd5 51. d7 Ke6 52. Rxc5 Rxd7 53. Rb5 Rh7 54. Kd4 Rh3 55.
Rb6+ Ke7 56. e6 Rg3 57. Kc4 b2 58. Rxb2 Kxe6 59. Re2+ Kd6 60. Rd2+ Kc6 61. Rd3 Rg4+ 62.
Kc3 Rg1 63. Rd4 Kc5 64. Rd3 Rg2 65. Rh3 Ra2 66. Rh5+ Kd6 67. Rh6+ Ke5 68. Rh5+ Ke4 69. Rh4+ Ke3 70. Rh3+ Kf4 71. Rh4+ Kg5 72. Rb4 Rh2 73.
Rb2 Rh1 74. Kb4 Kf5 75. Kb3 Ke4 76. Re2+ Kd3 77. Rg2 Rh3 78. Ra2 Kd4+ 79. Kb4 Rh1 80. Rd2+ Ke3 81. Rd8 Ke4 82. Kc5 Rc1+ 83. Kb4 Rb1+ 84.
Kc5 Rc1+ 85. Kb4 Ra1 86. Kc5 Kf5 87. Kc4 Ke6 88. Kb3 Ke7 89. Rd2 Ra7 90. Ra2 Rb7+ 91.
Kc3 Kd6 92. Kd4 Rb4+ 93. Kc3 Rh4 94. Rd2+ Kc5 95. Rd3 Ra4 96. Kb3 Rb4+ 97. Kc3 Rh4 98. Kb3 Rb4+ 99. Kc3 Rc4+ 100. Kb3 Rb4+ 1/2-1/2

[Event "*** Titled Tuesday Blitz"]
[Site "Chess.com"]
[Date "2021.03.16"]
[Round "11"]
[White "mishanick"]
[Black "Msb2"]
[Result "1/2-1/2"]
[WhiteElo "3025"]
[BlackElo "2934"]
[TimeControl "180+1"]
[EndTime "11:59:09 PDT"]
[Termination "Game drawn by agreement"]

1. d4 d5 2. c4 e6 3. Nf3 Nf6 4. Nc3 Bb4 5. Bg5 h6 6. Bxf6 Qxf6 7. Qa4+ Nc6 8. e3 O-O 9. Rc1 Qg6 10. Qc2 Qxc2 11.
Rxc2 Rd8 12. a3 Bf8 13. Nb5 Bd7 14. cxd5 exd5 15. Bd3 Rac8 16. h3 a6 17. Nc3 1/2-1/2

[Event "*** Titled Tuesday Blitz"]
[Site "Chess.com"]
[Date "2021.03.16"]
[Round "11"]
[White "bakki78"]
[Black "Buffy7"]
[Result "1-0"]
[WhiteElo "2790"]
[BlackElo "2637"]
[TimeControl "180+1"]
[EndTime "12:01:01 PDT"]
[Termination "bakki78 won by resignation"]

1. e4 e5 2. Nf3 Nc6 3. Bb5 a6 4. Ba4 Nf6 5. Nc3 b5 6. Bb3 Bc5 7. O-O d6 8. Nd5 O-O 9. c3 Rb8 10. d4 Ba7 11. Bg5 Kh8 12. dxe5 Nxe5 13. Nxe5 dxe5 14.
Nxf6 Qxd1 15. Raxd1 h6 16. Bh4 gxf6 17. Bxf6+ Kh7 18. Bxe5 Re8 19. Bxc7 Rb7 20. Bd6 Rd7 21. e5 Bb7 22. Kh1 Rg8 23. f3 Rg5 24. Bd5 Bxd5 25. Rxd5 f6 26. f4 Rg8 27. e6 Rdd8 28. Rfd1 Rge8 29. f5 1-0

[Event "*** Titled Tuesday Blitz"]
[Site "Chess.com"]
[Date "2021.03.16"]
[Round "11"]
[White "PavelShkapenko"]
[Black "GameOverBro"]
[Result "1-0"]
[WhiteElo "2698"]
[BlackElo "2525"]
[TimeControl "180+1"]
[EndTime "12:01:13 PDT"]
[Termination "PavelShkapenko won by resignation"]

1. e4 d6 2. d4 Nf6 3. Nc3 e5 4. dxe5 dxe5 5. Qxd8+ Kxd8 6. Bg5 Be6 7. O-O-O+ Kc8 8. f4 exf4 9. Nge2 h6 10. Bxf6 gxf6 11.
Nxf4 Bd6 12. Nxe6 fxe6 13. Bc4 Re8 14. Rhf1 Be5 15. Ne2 Nd7 16. Nf4 Nf8 17. Rd3 c6 18. Rh3 Kc7 19. Rxh6 Rad8 20. g3 Rd4 21. Bd3 Nd7 22.
Rh7 Kd6 23. Ne2 Ra4 24. a3 b5 25. c3 a5 26. Rd1 Rd8 27. Bc2+ Kc7 28. Bxa4 bxa4 29.
Nf4 1-0

[Event "*** Titled Tuesday Blitz"]
[Site "Chess.com"]
[Date "2021.03.16"]
[Round "11"]
[White "eCztery"]
[Black "Chigorinetz"]
[Result "0-1"]
[WhiteElo "2411"]
[BlackElo "2505"]
[TimeControl "180+1"]
[EndTime "12:01:20 PDT"]
[Termination "Chigorinetz won by checkmate"]

1. e4 c5 2. b3 d5 3. exd5 Nf6 4. c4 e6 5. dxe6 Bxe6 6. Nf3 Nc6 7. Bb2 Bd6 8. d4 cxd4 9. Nxd4 Bb4+ 10. Ke2 Qe7 11. f3 Ng4 12. Nxc6 Bxc4# 0-1

[Event "*** Titled Tuesday Blitz"]
[Site "Chess.com"]
[Date "2021.03.16"]
[Round "11"]
[White "suneebaker"]
[Black "canary2016"]
[Result "1-0"]
[WhiteElo "2198"]
[BlackElo "2005"]
[TimeControl "180+1"]
[EndTime "12:01:47 PDT"]
[Termination "suneebaker won by checkmate"]

1. Nf3 d5 2. d4 Nf6 3. c4 c6 4. Nc3 e6 5. Bg5 Nbd7 6. cxd5 exd5 7. e3 Be7 8. Qc2 O-O 9. Be2 h6 10. Bf4 Re8 11. g4 Nxg4 12. Rg1 h5 13. h3 Ngf6 14. O-O-O Nf8 15. Ne5 g6 16. Bh6 N6h7 17. Bxh5 Bf6 18. Nxg6 fxg6 19. Bxg6 Nxg6 20. Qxg6+ Kh8 21. Bg7+ Bxg7 22.
Qxg7# 1-0

[Event "*** Titled Tuesday Blitz"]
[Site "Chess.com"]
[Date "2021.03.16"]
[Round "11"]
[White "Playgood28"]
[Black "campomania3"]
[Result "0-1"]
[WhiteElo "2254"]
[BlackElo "2194"]
[TimeControl "180+1"]
[EndTime "12:02:06 PDT"]
[Termination "campomania3 won by resignation"]

1. d4 d5 2. c4 c6 3. Nd2 Nf6 4.
Ngf3 g6 5. e3 Bg7 6. Bd3 O-O 7.
b3 b6 8. Bb2 Bb7 9. O-O Nbd7 10. Qe2 Re8 11. Rfd1 c5 12. Rac1 cxd4 13. exd4 dxc4 14.
bxc4 Rc8 15. h3 Qc7 16. Ne5 Nxe5 17. dxe5 Nh5 18. Ne4 Nf4 19. Qe3 Nxd3 20. Rxd3 Bxe5 21. Ba3 Bf4 0-1

[Event "*** Titled Tuesday Blitz"]
[Site "Chess.com"]
[Date "2021.03.16"]
[Round "11"]
[White "VladimirBugayev"]
[Black "SaqoChess_Twitch"]
[Result "0-1"]
[WhiteElo "2291"]
[BlackElo "2495"]
[TimeControl "180+1"]
[EndTime "12:02:11 PDT"]
[Termination "SaqoChess_Twitch won by resignation"]

1. e4 e5 2. Nf3 Nc6 3. d4 exd4 4. Nxd4 Nxd4 5. Qxd4 Nf6 6. e5 c5 7. Qf4 Nd5 8. Qf3 Nc7 9. Nc3 Be7 10. Bf4 O-O 11.
O-O-O Ne6 12. Be3 Bg5 13. Nd5 Bxe3+ 14. Qxe3 Qg5 15. f4 Qh6 16. g4 b6 17. g5 Qh4 18.
Be2 Bb7 19. Ne7+ Kh8 20. Rhf1 Nd4 21. Nf5 Nxf5 22. Qd3 Nd4 23. c3 Nxe2+ 24. Qxe2 Rad8 25. Rd6 Bc6 26. Qd2 Rde8 27. Re1 f6 28. gxf6 gxf6 29. Rg1 fxe5 30. Rxd7 Bxd7 31. Qxd7 Qxf4+ 32. Kb1 Qf5+ 0-1

[Event "*** Titled Tuesday Blitz"]
[Site "Chess.com"]
[Date "2021.03.16"]
[Round "11"]
[White "bazar-wokzal"]
[Black "Gloomy_Wanderer"]
[Result "0-1"]
[WhiteElo "2516"]
[BlackElo "2691"]
[TimeControl "180+1"]
[EndTime "12:02:13 PDT"]
[Termination "Gloomy_Wanderer won by checkmate"]

1. e4 c5 2. c3 a6 3. d4 cxd4 4. cxd4 d5 5. e5 Nc6 6. Nc3 Bf5 7. g4 Bg6 8. e6 fxe6 9. f4 Nf6 10. Be3 e5 11. dxe5 d4 12. exf6 dxe3 13. f5 Bf7 14. fxg7 Bxg7 15. Bg2 Qb6 16. Nd5 Qa5+ 17. Nc3 Rd8 18.
Bxc6+ bxc6 19. Qc2 Rd2 20. Qe4 Bd5 21. Nxd5 Rxb2+ 22. Kf1 Rf2# 0-1

[Event "*** Titled Tuesday Blitz"]
[Site "Chess.com"]
[Date "2021.03.16"]
[Round "11"]
[White "AlexPapasimakopoulos"]
[Black "Zhigalko_Sergei"]
[Result "0-1"]
[WhiteElo "2622"]
[BlackElo "2918"]
[TimeControl "180+1"]
[EndTime "12:02:15 PDT"]
[Termination "Zhigalko_Sergei won by resignation"]

1. d4 Nf6 2. c4 e6 3. Nc3 Bb4 4. Qc2 O-O 5. a3 Bxc3+ 6. Qxc3 d6 7. f3 d5 8. Bg5 h6 9. Bh4 c5 10. cxd5 cxd4 11. Qxd4 Nc6 12. Qc3 exd5 13. Bxf6 gxf6 14. e3 Re8 15. Kf2 Bf5 16. Bd3 Rxe3 17. Rd1 Qb6 18.
Kg3 d4 19. Qc4 Ne5 20. Qb4 Qxb4 21. axb4 Nxd3 22. Nh3 Bxh3 23. Kxh3 Nf2+ 0-1

[Event "*** Titled Tuesday Blitz"]
[Site "Chess.com"]
[Date "2021.03.16"]
[Round "11"]
[White "AttackSparrow"]
[Black "profofchess"]
[Result "1-0"]
[WhiteElo "2514"]
[BlackElo "2435"]
[TimeControl "180+1"]
[EndTime "12:02:19 PDT"]
[Termination "AttackSparrow won by resignation"]

1. e4 e6 2. d4 d5 3. Bd3 dxe4 4. Bxe4 Nf6 5. Bf3 Bd6 6. Ne2 Nbd7 7. O-O e5 8. Ng3 O-O 9. Nf5 e4 10. Be2 Re8 11.
Nxd6 cxd6 12. c4 Nf8 13. Nc3 Ng6 14. Be3 Bf5 15. Rc1 Qd7 16. c5 a6 17. Na4 Qe7 18.
c6 bxc6 19. Rxc6 Nd5 20. Nb6 Nxe3 21. fxe3 Qg5 22. Nxa8 Nh4 23. Rf2 Rxa8 24. Rxa6 Nf3+ 25. Rxf3 Rxa6 26. Rg3 Bg4 1-0

[Event "*** Titled Tuesday Blitz"]
[Site "Chess.com"]
[Date "2021.03.16"]
[Round "11"]
[White "organdzievhren"]
[Black "Sergey85Rodchenkov"]
[Result "1/2-1/2"]
[WhiteElo "2430"]
[BlackElo "2524"]
[TimeControl "180+1"]
[EndTime "12:02:23 PDT"]
[Termination "Game drawn by repetition"]

1. e4 c5 2. Nf3 d6 3. Bb5+ Nd7 4.
c4 Nf6 5. O-O g6 6. d3 Bg7 7.
Bg5 O-O 8. Qd2 Ne5 9. Ne1 a6 10. Ba4 b5 11. cxb5 axb5 12. Bxb5 Qb6 13. Nc3 e6 14. Bh6 Bxh6 15. Qxh6 Bb7 16. Qd2 Rfb8 17. Nc2 Ba6 18. a4 Nc6 19. h3 Nd4 20. Nxd4 cxd4 21. Ne2 Bxb5 22. axb5 Rxa1 23. Rxa1 Qxb5 24. Nxd4 Qxb2 25.
Qxb2 Rxb2 26. Ra8+ Kg7 27. Rd8 d5 28. e5 Nh5 29. g3 Rd2 30. Rd7 Kf8 31. Rd8+ Kg7 32. Rd7 Kf8 33. Rd8+ Kg7 1/2-1/2

[Event "*** Titled Tuesday Blitz"]
[Site "Chess.com"]
[Date "2021.03.16"]
[Round "11"]
[White "ukchessbomber"]
[Black "Matthew-Fishbein"]
[Result "0-1"]
[WhiteElo "2496"]
[BlackElo "2327"]
[TimeControl "180+1"]
[EndTime "12:02:24 PDT"]
[Termination "Matthew-Fishbein won by resignation"]

1. d4 Nf6 2. c4 g6 3. Nc3 d5 4. cxd5 Nxd5 5. e4 Nxc3 6. bxc3 Bg7 7. Be3 c5 8. Qd2 O-O 9. Rc1 Qa5 10. Nf3 Rd8 11.
d5 b6 12. Be2 e6 13. O-O exd5 14. exd5 Nc6 15. Rfd1 Ba6 16. Bxa6 Qxa6 17. Qc2 Ne7 18. Bg5 f6 19. Qe4 Nf5 20. Qe6+ Kh8 21. Bxf6 Re8 22. Bxg7+ Kxg7 23. Qc6 Rac8 24. Qd7+ Re7 25.
Qxe7+ Nxe7 26. d6 Nf5 27. d7 Rd8 28. Ne5 Qb7 29. c4 Nd4 30. Re1 Rxd7 31. Nxd7 Qxd7 32.
Re3 h5 33. Rce1 Kh6 34. Ra3 Nc2 35. Rae3 Nxe3 36. Rxe3 Qd1+ 0-1